AoeStats
← BobbySausage

Arabia

510325222Analyzed
1v1 RM · 2d ago on Sep 30, 2026· 44m 40s· 2 players
Game mode
Random Map
Map size
Tiny (2 player)
Population
200
Speed
Normal
Resources
Standard
Victory
Conquest
Starting age
Dark Age
Ending age
Imperial Age
RankedLock teamsTeams togetherTeam positionsShared explorationLock speedFull tech treeHidden civsTurbo modeCheats
Victory
Defeat
🇬🇧 Poles · United Kingdom
1267
+14
🇬🇧 Vietnamese · United Kingdom
1226
-14
SLA
7:34 Loom
10:18 Feudal Age
10:55 Double-Bit Axe
18:20 Fletching
20:34 Wheelbarrow
24:32 Castle Age
25:12 Bodkin Arrow
24:38 Crossbowman
26:00 Padded Archer Armor
26:58 Ballistics
29:55 Bow Saw
31:51 Squires
33:24 Leather Archer Armor
33:36 Pikeman
35:53 Forging
37:46 Iron Casting
38:17 Scale Mail Armor
41:07 Chain Mail Armor
BobbySausage
7:10 Loom
10:20 Feudal Age
11:29 Double-Bit Axe
14:29 Scale Barding Armor
16:30 Forging
16:35 Town Watch
20:19 Bloodlines
23:41 Castle Age
22:06 Horse Collar
25:02 Wheelbarrow
23:49 Light Cavalry
24:30 Husbandry
25:10 Chain Barding Armor
26:10 Heavy Plow
29:28 Hand Cart
32:06 Bow Saw
32:48 Iron Casting
37:11 Town Patrol
37:42 Szlachta Privileges
41:29 Imperial Age
40:27 Stone Mining
40:27 Gold Mining
40:39 Scale Mail Armor
42:41 Lechitic Legacy
42:25 Winged Hussar
43:47 Chain Mail Armor
Connection lost

Rejoining the realm…

Still unreachable

The connection could not be restored.

Session expired

The server has moved on; the page needs a fresh start.